 Dungeon Crawl Stone Soup version 0.29-a0-333-gb4c28e87c6 (webtiles) character file.

Game seed: 891554908940496898

323 Jortsu the Chopper (level 6, 0/38 (48) HPs)
             Began as a Demonspawn Fighter on Apr 13, 2022.
             Was an Initiate of Okawaru.
             Slain by a river rat (5 damage)
             ... summoned by Eustachio
             ... on level 4 of the Dungeon.
             The game lasted 00:06:03 (3754 turns).

Jortsu the Chopper (Demonspawn Fighter)             Turns: 3754, Time: 00:06:04

HP:   0/38 (48)     AC: 13    Str: 19      XL:     6   Next: 23%
MP:   0/6           EV:  5    Int:  9      God:    Okawaru [......]
Gold: 218           SH:  5    Dex: 11 (12) Spells: 5/5 levels left

rFire   . . .      SeeInvis .   a - +1 war axe
rCold   . . .      Faith    .   c - +1 buckler
rNeg    . . .      Spirit   +   h - +0 plate armour
rPois   +          Reflect  .   (no helmet)
rElec   .          Harm     .   g - scarf {+Inv}
rCorr   .          Rampage  .   (no gloves)
Will    .....                   (no boots)
Stlth   ..........              j - amulet of guardian spirit
HPRegen 0.12/turn               b - ring of poison resistance
MPRegen 0.10/turn               (no ring)

@: heavily drained
A: hooves 1, icy blue scales 1, spiny 1
a: Renounce Religion, Evoke Invisibility


You were on level 4 of the Dungeon.
You worshipped Okawaru.
Okawaru was noncommittal.
You visited 1 branch of the dungeon, and saw 4 of its levels.

You collected 218 gold pieces.

Inventory:

Hand Weapons
 a - a +1 war axe (weapon)
Armour
 c - a +1 buckler (worn)
 g - a scarf of invisibility (worn)
 h - a +0 plate armour (worn)
Jewellery
 b - a ring of poison resistance (left hand)
 j - an amulet of guardian spirit (around neck)
Scrolls
 f - 2 scrolls of enchant weapon
 i - a scroll of enchant armour
 n - 2 scrolls of magic mapping
 o - a scroll of teleportation
 p - a scroll of identify
Potions
 d - a potion of might
 e - 3 potions of attraction
 k - 2 potions of haste
 l - 2 potions of lignification {unknown}
 m - 2 potions of mutation {unknown}


   Skills:
 + Level 3.8 Fighting
 + Level 4.4 Axes
 + Level 3.3 Armour
 + Level 0.5 Dodging
 + Level 0.4 Stealth
 + Level 3.4 Shields
 + Level 0.3 Evocations


You had 5 spell levels left.
You didn't know any spells.
Your spell library was empty.

Dungeon Overview and Level Annotations

Branches:
Dungeon (4/15)
 Temple: D:4-7

Altars:
Cheibriados
Okawaru
Qazlal
Xom

Portals:
Abyss: D:3

Annotations:
D:3 2 transporters, nuaici's ghost, amateur MiFi
D:4 Eustachio


Innate Abilities, Weirdness & Mutations

You have large cloven feet.
You are partially covered in icy blue scales. (AC +2)
You are partially covered in sharp spines.


Message History

* * * LOW HITPOINT WARNING * * *
The phantom hits you.
* * * LOW HITPOINT WARNING * * *
The phantom blinks!
You blink.
The quokka is struck by your spines. The quokka barely misses you.
The quokka barely misses you.
The river rat bites you but does no damage.
You block the river rat's attack. The river rat attacks as you move away!
The river rat is struck by your spines.
The river rat bites you but does no damage.
The quokka twitches its whiskers.
The phantom attacks as you move away! The phantom hits you.
The quokka attacks as you move away!
The quokka bites you but does no damage.
The river rat bites you but does no damage.
The river rat attacks as you move away! You block the river rat's attack.
The white imp shouts, "Give up, thou erky weather-bitten nobody!"
The quokka bites you but does no damage.
The quokka attacks as you move away!
The quokka bites you but does no damage.
The quokka attacks as you move away! You block the quokka's attack.
Eustachio mumbles some strange words.
The white imp disappears in a puff of smoke!
Eustachio casts a spell.
Eustachio blinks!
The river rat attacks as you move away!
The river rat bites you but does no damage.
The quokka attacks as you move away!
The quokka bites you but does no damage.
The quokka is struck by your spines.
You kill the quokka!
The quokka's corpse disappears in a puff of smoke!
The river rat attacks as you move away!
The river rat bites you but does no damage.
You block the river rat's attack. The quasit attacks as you move away!
The quasit bites you.
* * * LOW HITPOINT WARNING * * *
The quasit claws you but does no damage. x2
The river rat attacks as you move away! The river rat bites you!
You die...

............##....#
.......#$.........##
....@.#####........##
....§####...........#
....##..............#
...#§..5.@.........##
##########
#.......##5........#
##........##
....###+###...W5r.##
#..........# #####
#..r..@## ##..........#
#
#....))####...........#
#....#..##.............
#...#...##.............
##.....#...............
###..##............>..
#..###...............
#..# #................
#... ###.............#


You could see Eustachio, a phantom, an iron imp (summoned), a quasit (summoned)
and 2 river rats.

Vanquished Creatures
  A black bear (D:4)
  An orc wizard (D:3)
  3 gnolls (D:4)
  5 adders
  4 dart slugs
  3 worms
  9 orcs
  10 ball pythons
  11 endoplasms
  6 giant cockroaches
  12 goblins
  8 hobgoblins
  8 jackals
  5 kobolds
  2 quokkas
  10 bats
  2 frilled lizards
  5 rats
105 creatures vanquished.

Notes
Turn   | Place    | Note
-------+----------+-------------------------------------------
     0 | D:1      | Jortsu the Demonspawn Fighter began the quest for the Orb.
     0 | D:1      | Reached XP level 1. HP: 18/18 MP: 1/1
   194 | D:1      | Gained mutation: You are partially covered in icy blue
                  | scales. (AC +2) [demonic ancestry]
   194 | D:1      | Reached XP level 2. HP: 22/24 MP: 2/2
   325 | D:1      | Reached skill level 2 in Axes
   699 | D:1      | Gained mutation: You have large cloven feet. [demonic
                  | ancestry]
   699 | D:1      | Reached XP level 3. HP: 28/29 MP: 3/3
  1421 | D:2      | Reached skill level 3 in Axes
  1421 | D:2      | Reached XP level 4. HP: 32/35 MP: 4/4
  1939 | D:3      | Found a one-way gate to the infinite horrors of the Abyss.
  1939 | D:3      | Noticed nuaici's ghost (amateur MiFi)
  1949 | D:3      | Found a transporter.
  1956 | D:3      | Noticed a small abomination
  2015 | D:3      | Found a stormy altar of Qazlal.
  2043 | D:3      | Found a transporter.
  2062 | D:3      | Noticed a toenail golem
  2218 | D:3      | Gained mutation: You are partially covered in sharp spines.
                  | [demonic ancestry]
  2218 | D:3      | Reached XP level 5. HP: 27/42 MP: 3/5
  2346 | D:3      | Found a large runed translucent door.
  2349 | D:3      | Found a large runed translucent door.
  2360 | D:3      | Found a shimmering altar of Xom.
  2367 | D:3      | Found an iron altar of Okawaru.
  2375 | D:3      | Became a worshipper of Warmaster Okawaru
  2921 | D:4      | Found a snail-covered altar of Cheibriados.
  3201 | D:4      | Reached skill level 4 in Axes
  3281 | D:4      | Noticed a black bear
  3292 | D:4      | Killed a black bear
  3293 | D:4      | Reached XP level 6. HP: 26/47 MP: 3/6
  3691 | D:4      | Noticed Eustachio
  3754 | D:4      | Slain by a river rat

Illustrated notes

Levels and vault maps discovered:
D:1:      mrwooster_arrival_statue_2, layout_basic
D:2:      layout_loops_ring, minmay_splitting_lines, corexii_corridor_pit
D:3:      layout_loops_ring, nicolae_overflow_crystal_walls,
          jmf_multi_god_temple2, gammafunk_ghost_abyssal_escape,
          chequers_serial_rivers_small_3, kennysheep_cross_room,
          chequers_arboretum
D:4:      layout_cave_pods, kennysheep_little_box, kennysheep_slug_shrine,
          minmay_vboxes, uniq_eustachio

Skill      XL: |  1  2  3  4  5 |
---------------+----------------+-----
Shields        | 3 |  3.4
Axes           | 2 3 4 |  4.4
Armour         | 3 |  3.3
Fighting       | |  3.8
Dodging        | |  0.5
Stealth        | |  0.4
Evocations     | |  0.3

Action                   |  1- 3 |  4- 6 || total
-------------------------+-------+-------++-------
Melee: War axe           |   113 |   125 ||   238
       Kick              |    10 |    27 ||    37
 Abil: Evoke Invisibilit |       |     1 ||     1
  Use: Scroll            |     4 |     5 ||     9
 Stab: Invisible         |       |     1 ||     1
Armor: Scale mail        |    74 |       ||    74
       Plate armour      |     4 |   132 ||   136
Dodge: Dodged            |    62 |    43 ||   105
Block: Buckler           |    28 |    69 ||    97

Table legend: (Time is in decaauts)
 A = Elapsed time spent in this place.
 B = Non-inter-level travel time spent in this place.
 C = Inter-level travel time spent in this place.
 D = Time resting spent in this place.
 E = Time spent auto-exploring this place.
 F = Levels seen in this place.
 G = Mean time per level.
                   A        B        C        D        E       F      G
               +--------+--------+--------+--------+--------+-----+--------+
         Total |   3852 |   3761 |     91 |    417 |   2436 |   4 |  963.0 |
       Dungeon |   3852 |   3761 |     91 |    417 |   2436 |   4 |  963.0 |
               +--------+--------+--------+--------+--------+-----+--------+

Top non-repeatable levels by time:
     D:1: 1103 daAuts
     D:3: 1012 daAuts
     D:4: 887 daAuts
     D:2: 847 daAuts
